 Dungeon Crawl Stone Soup version 0.18-a0-1179-g120c792 (webtiles) character file.

303 Reinor the Scratcher (level 6, -12/25 HPs)
             Began as a Felid Transmuter on Jan 27, 2016.
             Was an Initiate of the Shining One.
             Shot with an arrow by a centaur (18 damage)
             ... on level 5 of the Dungeon.
             The game lasted 00:12:52 (5286 turns).

Reinor the Scratcher (Felid Transmuter)             Turns: 5286, Time: 00:12:52

Health: -12/25     AC:  2    Str:  9    XL:     6   Next: 15%
Magic:  14/14      EV: 18    Int: 16    God:    the Shining One [......]
Gold:   160        SH:  0    Dex: 17    Spells: 5 memorised, 0 levels left
                                        Lives:  0   Deaths: 2

rFire  . . .     SeeInvis +       - Unarmed
rCold  . . .     Gourm    .     (armour unavailable)
rNeg   . . .     Faith    .     (shield unavailable)
rPois  .         Spirit   .     (helmet unavailable)
rElec  .         Dismiss  .     (cloak unavailable)
rCorr  .         Reflect  .     (gloves unavailable)
SustAt .         Harm     .     (boots unavailable)
MR     .....                    y - amulet of magic regeneration
Stlth  ++........               u - +3 ring of strength
                                (no ring)

@: quick, not resistant to hostile enchantments, unstealthy
A: no armour, no weapons or thrown items, claws 1, fangs 3, see invisible,
carnivore 3, speed 1, shaggy fur 2, slow metabolism 1, sharp paws
a: Renounce Religion


You were on level 5 of the Dungeon.
You worshipped the Shining One.
The Shining One was noncommittal.
You were not hungry.

You visited 2 branches of the dungeon, and saw 6 of its levels.

You collected 160 gold pieces.

Inventory:

Jewellery
 o - an uncursed ring of teleportation
 u - a +3 ring of strength (right paw)
 y - an amulet of magic regeneration (around neck)
Wands
 t - a wand of flame (41/48)
 z - a wand of slowing (33/48)
Scrolls
 d - 2 scrolls of remove curse
 i - a scroll of immolation
 k - a scroll of amnesia
 l - 2 scrolls of fog
 p - a scroll of enchant weapon {unknown}
 s - 2 scrolls of noise
 v - 2 scrolls of enchant armour {unknown}
 w - 4 scrolls of teleportation {unknown}
 C - a scroll of blinking {unknown}
Potions
 e - a potion of haste
 f - 3 potions of cure mutation {unknown}
 g - a potion of resistance {unknown}
 h - 2 potions of curing
 m - 2 potions of might {unknown}
 n - a potion of invisibility {unknown}
 q - a potion of mutation {unknown}
 r - 3 potions of heal wounds {unknown}
 x - a potion of cancellation {unknown}
Books
 b - a book of Changes

   Spells                             Type                      Level
   a - Beastly Appendage              Transmutation                1
   b - Sticks to Snakes               Transmutation                2
   c - Spider Form                    Transmutation/Poison         3
   d - Ice Form                       Ice/Transmutation            4
   e - Blade Hands                    Transmutation                5
 B - a book of Envenomations

   Spells                             Type                      Level
   a - Spider Form                    Transmutation/Poison         3
   b - Olgreb's Toxic Radiance        Poison                       4
   c - Alistair's Intoxication        Transmutation/Poison         5
   d - Poisonous Cloud                Conjuration/Poison/Air       6
   The Shining One disapproves of the use of such an item.
Comestibles
 c - 3 meat rations
 j - a royal jelly


   Skills:
 - Level 1.0 Fighting
 - Level 2.6 Dodging
 - Level 5.9 Unarmed Combat
 - Level 5.0 Spellcasting
 + Level 3.6 Transmutations


You couldn't memorise any spells.
You knew the following spells:

 Your Spells              Type           Power        Failure   Level  Hunger
a - Beastly Appendage     Trmt           ###...       4%          1    None
b - Sticks to Snakes      Trmt           ###.....     8%          2    #......
c - Spider Form           Trmt/Pois      #.........   21%         3    ###....
d - Blade Hands           Trmt           ###.......   91%         5    ######.
e - Ice Form              Ice/Trmt       #.......     75%         4    ####...


Dungeon Overview and Level Annotations

Branches:
Dungeon (5/15)             Temple (1/1) D:4

Altars:
Ashenzari
Cheibriados
Dithmenos
Gozag
Kikubaaqudgha
Makhleb
Okawaru
Pakellas
Qazlal
Ru
Sif Muna
Trog
Vehumet
Yredelemnul
The Shining One

Shops:
D:4 (


Innate Abilities, Weirdness & Mutations

You cannot wear armour.
You are incapable of wielding weapons or throwing items.
You have sharp claws.
You have razor-sharp teeth.
You have supernaturally acute eyesight.
You are carnivorous and can eat meat at any time.
You cover ground quickly.
You are covered in thick fur (AC +2).
You have a slow metabolism.
Your sharp claws are effective at attacking unaware monsters.


Message History

The centaur wields an uncursed shortbow.
The centaur shoots an arrow.
The arrow barely misses you.
The arrow barely misses the orc.
The orc priest hits you but does no damage.
You claw the orc priest!
You kill the orc priest!
The Shining One accepts your kill. The orc hits you with a mace.
* * * LOW HITPOINT WARNING * * *
The orc closely misses you.
A jackal comes into view.
You barely miss the orc.
The centaur shoots an arrow.
The arrow hits you! The Shining One protects you from harm!
The jackal barks!
The orc misses you. The orc completely misses you.
You scratch the orc. You bite the orc.
The orc is severely wounded.
The centaur shoots an arrow.
The arrow hits you!!
Ouch! That really hurt!
You die...

(..h......#....................
..........#....................
##†c...$...............(.......
#.........?...........<..#
.........h!..............#
#####.#...#.............<(#
....#..............o.#
.......h...o)#.......#
.......c...@o(....(####
....#......###........##
............#....(.....###
.........................#
>...#....................#
#..##.....#...........)..# ...
#.....###..........#....
####### ##........#####.
######.....


You could see a centaur, 2 orcs and 2 jackals.

Vanquished Creatures
  Pikel (D:4)
  A crimson imp (D:4)
  An orc priest (D:5)
  5 worker ants (D:4)
  A gnoll (D:1)
  3 adders
  2 oozes
  3 worms
  2 giant geckos
  7 orcs
  3 ball pythons
  4 giant cockroaches
  8 goblins
  5 hobgoblins
  2 jackals (D:1)
  7 bats
  2 giant newts (D:2)
  7 kobolds
  7 rats
71 creatures vanquished.

Vanquished Creatures (collateral kills)
  A worm (D:4)
  2 orcs (D:4)
3 creatures vanquished.

Vanquished Creatures (others)
  A hound (D:4)
1 creature vanquished.

Grand Total: 75 creatures vanquished

Notes
Turn   | Place    | Note
--------------------------------------------------------------
     0 | D:1      | Reinor the Felid Transmuter began the quest for the Orb.
     0 | D:1      | Reached XP level 1. HP: 9/9 MP: 4/4
   209 | D:1      | Reached XP level 2. HP: 4/12 MP: 4/6
   647 | D:1      | Learned a level 2 spell: Sticks to Snakes
   698 | D:1      | Reached skill level 4 in Unarmed Combat
   928 | D:1      | Reached XP level 3. HP: 15/15 MP: 7/7
  1559 | D:2      | Found a faded altar to an unknown god.
  1726 | D:2      | Learned a level 3 spell: Spider Form
  1913 | D:2      | Found a snail-covered altar of Cheibriados.
  2037 | D:2      | Found an opulent altar of Gozag.
  2592 | D:3      | Reached skill level 5 in Unarmed Combat
  2592 | D:3      | Reached XP level 4. HP: 19/19 MP: 6/8
  3259 | D:4      | Succumbed to a worker ant's poison
  3260 | D:4      | Reached XP level 3. HP: 0/15 MP: 7/7
  3309 | D:4      | Reached XP level 4. HP: 12/19 MP: 8/8
  3533 | D:4      | Reached XP level 5. HP: 15/22 MP: 7/9
  3569 | D:4      | Found a burning altar of Makhleb.
  3570 | D:4      | Noticed a slave
  3570 | D:4      | Noticed a slave
  3572 | D:4      | Noticed Pikel
  3572 | D:4      | Noticed a slave
  3572 | D:4      | Noticed a slave
  3619 | D:4      | Killed Pikel
  3619 | D:4      | Reached skill level 5 in Spellcasting
  3619 | D:4      | Gained mutation: You are covered in thick fur (AC +2). [Felid growth]
  3619 | D:4      | Reached XP level 6. HP: 14/25 MP: 2/14
  3626 | D:4      | Learned a level 5 spell: Blade Hands
  3631 | D:4      | Learned a level 4 spell: Ice Form
  3715 | D:4      | Found a staircase to the Ecumenical Temple.
  3726 | Temple   | Entered the Ecumenical Temple
  3833 | Temple   | Became a worshipper of the Shining One
  4647 | D:4      | Found Vomugg's Antique Weapon Shop.
  4919 | D:5      | Entered Level 5 of the Dungeon
  5043 | D:4      | Reached XP level 7. HP: 11/28 MP: 15/15
  5274 | D:5      | Mangled by a centaur
  5275 | D:5      | Reached XP level 6. HP: -8/25 MP: 14/14
  5285 | D:5      | The Shining One protects you from harm!
  5286 | D:5      | Shot with an arrow by a centaur

Vault maps used:
D:1:      scummos_arrival_hexagon, serial_forest, infiniplex_forest_lined_3,
          infiniplex_forest_lined_3, infiniplex_forest_lined_4_way,
          infiniplex_forest_straight_1, infiniplex_forest_zigzag_2,
          infiniplex_forest_end_2, st_stairs_13, corexii_hall_statues_i
D:2:      wad_woods_pond, lemuel_round_altar, overflow_temple_1_default,
          ecumenical_altar_1
D:3:      first_bread, minmay_misc_feat_five
D:4:      temple_fountains, serial_shops, nicolae_shop_waterfront,
          makhleb_heckhound_becter, uniq_pikel
D:5:      item_on_display_a
Temple:   circular_temple_12

Action                   |  1- 3 |  4- 6 |  7- 9 || total
-------------------------+-------+-------+-------++-------
Melee: Unarmed           |   123 |    92 |     7 ||   222
 Cast: Beastly Appendage |     7 |    12 |     1 ||    20
       Sticks to Snakes  |     1 |    11 |       ||    12
  Use: Scroll            |     9 |       |       ||     9
       Potion            |     1 |     3 |       ||     4
 Stab: Sleeping          |     6 |     2 |       ||     8
  Eat: Chunk             |    14 |     7 |     1 ||    22
